 Dungeon Crawl Stone Soup version 0.31-a0-196-g86fe4a5e66 (webtiles) character file.

Game seed: 8613330046824375720

70 porpoise the Shooter (level 4, 0/27 HPs)
             Began as a Tengu Hunter on June 25, 2023.
             Slain by Natasha (1 damage)
             ... on level 2 of the Dungeon.
             The game lasted 00:02:43 (1414 turns).

porpoise the Shooter (Tengu Hunter)                 Turns: 1414, Time: 00:02:43

Health: 0/27       AC:  3    Str: 11    XL:     4   Next: 21%
Magic:  5/5        EV: 12    Int: 10    God:
Gold:   77         SH:  0    Dex: 19    Spells: 3/3 levels left

rFire   . . .        a - +0 shortbow
rCold   . . .        (shield currently unavailable)
rNeg    . . .        c - +0 leather armour
rPois   .            (helmet restricted)
rElec   .            (no cloak)
rCorr   .            (no gloves)
SInv    .            (boots unavailable)
Will    .....        h - amulet of the acrobat
Stlth   ++           (no ring)
HPRegen 0.24/turn    (no ring)
MPRegen 0.09/turn

%: acrobat
@: slowed, very slow
A: beak, talons 3
a: no special abilities


You were on level 2 of the Dungeon.
You visited 1 branch of the dungeon, and saw 2 of its levels.

You collected 77 gold pieces.

Inventory:

Hand Weapons
 a - a +0 shortbow (weapon)
 b - a +0 dagger
Missiles
 d - 6 poisoned darts
 j - 4 javelins
Armour
 c - a +0 leather armour (worn)
Jewellery
 h - an amulet of the acrobat (around neck)
Scrolls
 e - a scroll of butterflies
 f - a scroll of identify
 g - 2 scrolls of enchant weapon
 i - a scroll of teleportation
 l - a scroll of blinking {unknown}
Potions
 k - a potion of might {unknown}


   Skills:
 + Level 2.7 Fighting
 * Level 5.3 Ranged Weapons
 - Level 2.1 Dodging
 + Level 2.2 Stealth


You had 3 spell levels left.
You didn't know any spells.
Your spell library was empty.

Dungeon Overview and Level Annotations

Branches:
Dungeon (2/15)

Altars:

Annotations:
D:2 Natasha


Innate Abilities, Weirdness & Mutations

You have a beak for a mouth.
You have claws for feet.


Message History

Jessica shouts!
Jessica is heavily wounded.
You shoot an arrow. The arrow barely misses Jessica.
You shoot an arrow. The arrow hits Jessica!
You kill Jessica!
You have reached level 4!
You feel clever.
Natasha, Servant of Life and Death comes into view.
You shoot an arrow.
Natasha hisses angrily.
The arrow hits Natasha!
Natasha is heavily wounded.
Natasha stares at you and mumbles some strange words.
You feel yourself slow down.
You shoot an arrow. The arrow barely misses Natasha.
You shoot an arrow.
The arrow hits Natasha but does no damage.
Natasha is heavily wounded.
Natasha casts a spell at you. The magic dart hits you.
You shoot an arrow. The arrow hits Natasha.
Natasha is heavily wounded.
You shoot an arrow. The arrow closely misses Natasha.
Natasha claws you.
Natasha mumbles some strange words.
You feel disoriented. Natasha claws you.
You shoot an arrow. The arrow barely misses Natasha.
Natasha claws you! Natasha claws you.
You shoot an arrow. The arrow hits Natasha.
Natasha is severely wounded.
Natasha barely misses you. x2
b - a +0 dagger (weapon)
a - a +0 shortbow (weapon)
Natasha claws you.
* * * LOW HITPOINT WARNING * * *
You are too injured to fight recklessly!
You shoot an arrow. The arrow barely misses Natasha.
Natasha claws you!
* * * LOW HITPOINT WARNING * * *
Natasha claws you.
You die...

#.# #...(.....# ##...## ####.#
#.###.###.###.[...## ##.##.#
#.###.###.##.......##
##...#.######.##...##.#.........#
.................†....'.........'
##...#.######.#....##.#.........#
##.#.#.## #.#.#.###.##.......##
##.###.## #.#.#####.###.....##
#.## ##.# #...@.....# ##...##
##.###.## ###h####### ##+##
##.#.## #.# ##.## #)# #.# #.#
######.# #.# .......# #.#
######## #.


You could see Natasha.

Vanquished Creatures
  Jessica (D:2)
  An adder (D:2)
  A worm (D:2)
  4 endoplasms
  A goblin (D:2)
  2 hobgoblins (D:1)
  3 jackals (D:1)
  4 kobolds
  3 quokkas
  3 ball pythons
  3 bats (D:1)
  A frilled lizard (D:2)
  2 rats (D:2)
29 creatures vanquished.

Notes
Turn   | Place    | Note
-------+----------+-------------------------------------------
     0 | D:1      | porpoise the Tengu Hunter began the quest for the Orb.
     0 | D:1      | Reached XP level 1. HP: 12/12 MP: 2/2
   238 | D:1      | Reached XP level 2. HP: 17/17 MP: 3/3
   970 | D:2      | Reached XP level 3. HP: 16/22 MP: 4/4
  1017 | D:2      | Reached skill level 5 in Ranged Weapons
  1400 | D:2      | Noticed Jessica
  1403 | D:2      | Killed Jessica
  1404 | D:2      | Reached XP level 4. HP: 27/27 MP: 5/5
  1404 | D:2      | Noticed Natasha
  1414 | D:2      | HP: 1/27 [Natasha (8)]
  1414 | D:2      | Slain by Natasha

Illustrated notes

Levels and vault maps discovered:
D:1:      dpeg_arrival_solitude, layout_basic
D:2:      minmay_roachtagon, layout_loops_corners, minmay_tromino_i4,
          uniq_natasha, uniq_jessica

Skill      XL: |  1  2  3 |
---------------+----------+-----
Ranged Weapons | 5 |  5.3
Stealth        | 2 |  2.2
Fighting       | |  2.7
Dodging        | |  2.1

Action                     |  1- 3 |  4- 6 || total
---------------------------+-------+-------++-------
  Melee: Dagger            |    11 |       ||    11
         Kick              |     3 |       ||     3
   Fire: Shortbow          |    64 |     8 ||    72
    Use: Scroll            |     2 |       ||     2
 Armour: Leather armour    |     9 |       ||     9
  Dodge: Dodged            |    26 |     2 ||    28

Table legend: (Time is in decaauts)
 A = Elapsed time spent in this place.
 B = Non-inter-level travel time spent in this place.
 C = Inter-level travel time spent in this place.
 D = Time resting spent in this place.
 E = Time spent auto-exploring this place.
 F = Levels seen in this place.
 G = Mean time per level.
                   A        B        C        D        E       F      G
               +--------+--------+--------+--------+--------+-----+--------+
         Total |   1428 |   1386 |     42 |    123 |   1097 |   2 |  714.0 |
       Dungeon |   1428 |   1386 |     42 |    123 |   1097 |   2 |  714.0 |
               +--------+--------+--------+--------+--------+-----+--------+

Top non-repeatable levels by time:
     D:1: 953 daAuts
     D:2: 475 daAuts
